 Dungeon Crawl Stone Soup version 0.17.1-3-g152610e (webtiles) character file.

43972 Gargoyl the Tortoise (level 13, -4/114 HPs)
             Began as a Demonspawn Abyssal Knight on Apr 11, 2016.
             Was a High Priest of Lugonu.
             Slain by a crocodile (5 damage)
             ... on level 7 of the Lair of Beasts.
             The game lasted 00:53:55 (28930 turns).

Gargoyl the Tortoise (Demonspawn Abyssal Knight)   Turns: 28930, Time: 00:53:55

Health: -4/114     AC: 24    Str: 18    XL:     13   Next: 93%
Magic:  25/26      EV: 11    Int: 13    God:    Lugonu [*****.]
Gold:   1218       SH:  0    Dex: 13    Spells: 0 memorised, 12 levels left

rFire  + . .     SeeInvis .     H - +8 mace of Tity {freeze, rN+}
rCold  . . .     Clarity  .     t - +4 chain mail
rNeg   + . .     SustAt   .     (no shield)
rPois  .         Gourm    .     b - +0 helmet
rElec  .         Spirit   .     K - +0 cloak
rCorr  .         Warding  .     w - +0 pair of gloves
rMut   .         Stasis   .     (boots unavailable)
MR     .....                    u - amulet of rage
Stlth  ..........               (no ring)
                                g - ring of magical power

@: about to teleport, not resistant to hostile enchantments, extremely
unstealthy
A: fangs 1, talons 3, thin metallic scales 1, fire resistance 1, nightstalker 1,
robust 1, screaming 1
a: Depart the Abyss, Bend Space, Banish, Corrupt, Enter the Abyss, Renounce
Religion, Evoke Berserk Rage


You were on level 7 of the Lair of Beasts.
You worshipped Lugonu.
Lugonu was extremely pleased with you.
You were not hungry.

You visited 2 branches of the dungeon, and saw 16 of its levels.
You visited the Abyss 1 time.
You also visited: Volcano.

You collected 1218 gold pieces.

Inventory:

Hand Weapons
 f - a +3 dire flail
 i - a +1 broad axe
 q - a +2 hand axe of venom
 H - the +8 mace of Tity (weapon) {freeze, rN+}
   (You found it on level 9 of the Dungeon)

   It has been specially enchanted to freeze those struck by it, causing extra
   injury to most foes and up to half again as much damage against particularly
   susceptible opponents.
   It can also slow down cold-blooded creatures.
   It protects you from negative energy.
Missiles
 s - 6 javelins of returning (quivered)
Armour
 b - a +0 helmet (worn)
 t - a +4 chain mail (worn)
 w - a +0 pair of gloves (worn)
 K - a +0 cloak (worn)
Rods
 z - a +1 rod of clouds (14/14)
   (You found it on level 6 of the Lair of Beasts)
Jewellery
 g - a ring of magical power (left hand)
 u - an amulet of rage (around neck)
 y - an uncursed ring of flight
Wands
 a - a wand of magic darts (25)
 n - a wand of lightning (11)
 o - a wand of flame (19)
 v - a wand of disintegration (9)
 B - a wand of paralysis (10)
 E - a wand of confusion (23)
 F - a wand of flame (26)
 I - a wand of teleportation (4)
 M - a wand of paralysis (9)
 P - a wand of lightning (6)
 Q - a wand of disintegration (16)
 S - a wand of cold (6)
Scrolls
 d - a scroll of magic mapping
 e - 7 scrolls of identify
 j - a scroll of teleportation
 k - 10 scrolls of remove curse
 p - 3 scrolls of fear
 D - 3 scrolls of recharging
Potions
 l - 2 potions of invisibility
 m - a potion of magic {unknown}
 r - a potion of cancellation
 A - 6 potions of might
 C - 2 potions of berserk rage
 G - 4 potions of agility
 J - a potion of beneficial mutation {unknown}
 L - a potion of lignification {unknown}
 N - 2 potions of flight {unknown}
 O - a potion of brilliance {unknown}
 R - 2 potions of mutation {unknown}
Comestibles
 c - 4 bread rations
 h - 3 royal jellies
 x - 3 meat rations


   Skills:
 + Level 10.5 Fighting
 + Level 7.6(8.6) Axes
 + Level 6.0(7.8) Maces & Flails
 + Level 3.3 Throwing
 * Level 15.1 Armour
 + Level 7.6 Dodging
 + Level 2.3 Stealth
 + Level 5.3 Invocations


You had 12 spell levels left.
You didn't know any spells.

Dungeon Overview and Level Annotations

Branches:
Dungeon (9/15)             Temple (0/1) D:5            Lair (7/8) D:9
 Shoals (0/4) Lair:6       Spider (0/4) Lair:3        Slime (0/6) Lair:6
    Orc: D:9-12

Altars:
Dithmenos
Gozag
Nemelex Xobeh
Ru
Sif Muna
Vehumet
Yredelemnul
The Shining One
Jiyva

Shops:
D:9 }


Innate Abilities, Weirdness & Mutations

You have claws for feet.
You are partially covered in thin metallic scales (AC +2).
Your flesh is heat resistant.
You are slightly more attuned to the shadows.
You have very sharp teeth.
You are robust (+10% HP).
You occasionally shout uncontrollably at your foes.


Message History

The eight-headed hydra bites you but does no damage.
The eight-headed hydra completely misses you.
You sock the eight-headed hydra! You freeze the eight-headed hydra.
You kill the eight-headed hydra!
Lugonu accepts your kill. The crocodile barely misses you.
The crocodile bites you but does no damage.
Unknown command.
Read which item? (? for menu, Esc to quit)
As you read the scroll of teleportation, it crumbles to dust.
You feel strangely unstable. The fire crab bites you.
* * * LOW HITPOINT WARNING * * *
You are engulfed in flames.
You resist.
* * * LOW HITPOINT WARNING * * *
The fire crab claws you!
* * * LOW HITPOINT WARNING * * *
You are engulfed in flames!
You resist.
* * * LOW HITPOINT WARNING * * *
The crocodile bites you.
You die...

#...#####....#
.#.......P...##
.#............#
#...........P.#
....
#......##.#P..#
...8.#........##
..# .....##.....†##
.8..t##.t...#.#
.....!##@....#.P
##.....#t#.P.PPPP.
#........#..PP.P##.
...##..8.+....PPP#
#....#...b...#
...#.##...P.#..
.#............ .
..#...# ### #.##


You could see a fire crab and a crocodile.

Vanquished Creatures
  A fire dragon (Volcano)
  Harold (Lair:3)
  5 hydras
  3 death yaks (Lair:4)
  Pikel (D:4)
  2 sirens (Lair:6)
  Maurice (D:9)
  5 elephants
  A torpor snail (Lair:6)
  A black mamba (Lair:6)
  16 spiny frogs
  12 komodo dragons
  4 fire drakes
  A troll (D:9)
  A merfolk (Lair:6)
  18 blink frogs
  5 trapdoor spiders
  A boulder beetle (Lair:5)
  A hungry ghost (D:9)
  41 yaks
  11 fire bats (Volcano)
  A deep elf mage (D:9)
  A basilisk (Lair:1)
  7 hippogriffs
  A steam dragon (Lair:2)
  4 wyverns
  A mottled dragon (Volcano)
  9 wolves
  Edmund (D:5)
  19 water moccasins
  A slave (D:4)
  9 porcupines
  4 orc warriors
  An ice beast (D:8)
  A necrophage (Lair:1)
  A sky beast (D:8)
  A phantom (D:6)
  2 black bears
  4 ogres
  15 crocodiles
  A big kobold (D:8)
  3 centaurs
  12 giant frogs
  3 scorpions
  2 spriggan skeletons (D:9)
  2 giant frog zombies
  3 centaur zombies
  2 gnoll shamans
  2 orc priests
  4 centaur skeletons
  2 hounds
  2 jellies
  6 orc wizards
  3 crimson imps
  A giant frog skeleton (D:8)
  11 iguanas
  4 worker ants
  15 sheep
  A killer bee zombie (D:9)
  A hound skeleton (D:4)
  A worker ant zombie (D:8)
  12 gnolls
  11 adders
  33 river rats
  A shadow imp (D:4)
  An adder skeleton (D:6)
  2 worms (D:3)
  34 orcs
  5 bats
  13 goblins
  6 hobgoblins
  18 jackals
  10 kobolds
  6 quokkas
  4 ball pythons
  5 giant cockroaches
  5 giant geckos
  A giant gecko skeleton (D:7)
  3 giant newts
  A quokka skeleton (D:4)
  4 rats
  A fungus (Lair:4)
472 creatures vanquished.

Vanquished Creatures (others)
  A spiny frog (Lair:1)
  A black mamba (Lair:3)
  A komodo dragon (Lair:4)
  A merfolk (Lair:6)
  A blink frog (Lair:4)
  A porcupine (Lair:3)
  An iguana (D:4)
  An orc priest (D:4)
  2 orc wizards
  A giant gecko (D:4)
  3 orcs (D:4)
  2 giant newts (D:4)
  12 fungi
  10 plants
38 creatures vanquished.

Grand Total: 510 creatures vanquished

Notes
Turn   | Place    | Note
--------------------------------------------------------------
     0 | Abyss:1  | Gargoyl the Demonspawn Abyssal Knight began the quest for the Orb.
     0 | Abyss:1  | Reached XP level 1. HP: 18/18 MP: 2/2
     3 | Abyss:1  | Found a corrupted altar of Lugonu.
     5 | Abyss:1  | Found a roughly hewn altar of Beogh.
    69 | Abyss:1  | Found a corrupted altar of Lugonu.
   120 | Abyss:1  | Found a corrupted altar of Lugonu.
   149 | Abyss:1  | Noticed a rust devil
   170 | Abyss:1  | Found a burning altar of Makhleb.
   181 | D:1      | Escaped the Abyss
   237 | D:1      | Reached * piety under Lugonu
   376 | D:1      | Gained mutation: You have sharp toenails. [demonic ancestry]
   376 | D:1      | Reached XP level 2. HP: 20/24 MP: 4/4
   549 | D:1      | Reached skill level 1 in Dodging
  1027 | D:2      | Gained mutation: You are partially covered in thin metallic scales (AC +2). [demonic ancestry]
  1027 | D:2      | Reached XP level 3. HP: 27/29 MP: 5/5
  1361 | D:2      | Reached ** piety under Lugonu
  1532 | D:2      | Found an opulent altar of Gozag.
  1956 | D:2      | Gained mutation: Your flesh is heat resistant. [demonic ancestry]
  1956 | D:2      | Reached XP level 4. HP: 35/35 MP: 6/6
  2679 | D:3      | Reached XP level 5. HP: 41/41 MP: 7/7
  3362 | D:4      | Noticed Pikel
  3362 | D:4      | Noticed a slave
  3364 | D:4      | Noticed a slave
  3364 | D:4      | Noticed a slave
  3372 | D:4      | Noticed a slave
  3399 | D:4      | Killed a slave
  3403 | D:4      | Killed Pikel
  3403 | D:4      | Reached skill level 4 in Fighting
  3403 | D:4      | Reached skill level 5 in Armour
  3403 | D:4      | Reached XP level 6. HP: 16/48 MP: 8/8
  3403 | D:4      | Gained mutation: You have razor-sharp toenails. [demonic ancestry]
  3403 | D:4      | Reached XP level 7. HP: 18/54 MP: 9/9
  3729 | D:4      | Noticed a black bear
  3739 | D:4      | Killed a black bear
  3739 | D:4      | Reached *** piety under Lugonu
  4313 | D:4      | Reached skill level 6 in Armour
  4977 | D:5      | Entered Level 5 of the Dungeon
  5003 | D:5      | Noticed Edmund
  5030 | D:5      | Reached XP level 8. HP: 14/61 MP: 10/10
  5036 | D:5      | Killed Edmund
  5055 | D:5      | Reached skill level 7 in Armour
  5269 | D:5      | Found a staircase to the Ecumenical Temple.
  5420 | D:5      | Found a sparkling altar of Nemelex Xobeh.
  6146 | D:6      | Found a radiant altar of Vehumet.
  6183 | D:6      | Reached skill level 5 in Fighting
  6646 | D:6      | Reached **** piety under Lugonu
  6717 | D:6      | Reached skill level 8 in Armour
  6953 | D:6      | Reached XP level 9. HP: 55/68 MP: 11/11
  7020 | D:6      | Found an opulent altar of Gozag.
  7500 | D:7      | Reached skill level 1 in Throwing
  7690 | D:7      | Found a deep blue altar of Sif Muna.
  7693 | D:7      | Found a sacrificial altar of Ru.
  7699 | D:7      | Found a glowing golden altar of the Shining One.
  8236 | D:8      | Reached skill level 1 in Stealth
  8572 | D:8      | Reached skill level 5 in Axes
  9011 | D:8      | Gained mutation: You have very sharp teeth. [mutagenic meat]
  9012 | D:8      | Gained mutation: You occasionally shout uncontrollably at your foes. [mutagenic meat]
  9013 | D:8      | Gained mutation: You are robust (+10% HP). [mutagenic meat]
  9014 | D:8      | Gained mutation: You are very robust (+20% HP). [mutagenic meat]
  9015 | D:8      | Lost mutation: You are very robust (+20% HP). [mutagenic meat]
  9392 | D:8      | Reached skill level 9 in Armour
  9606 | D:8      | Reached ***** piety under Lugonu
  9905 | D:9      | Found a basalt altar of Yredelemnul.
  9927 | D:9      | Got a bloodstained mace
  9928 | D:9      | Identified the +8 mace of Tity {freeze, rN+} (You found it on level 9 of the Dungeon)
  9966 | D:9      | Found a staircase to the Lair.
  9966 | D:9      | Noticed a fire drake
  9980 | D:9      | Killed a fire drake
 10197 | D:9      | Found a shadowy altar of Dithmenos.
 10306 | D:9      | Noticed Maurice
 10314 | D:9      | Gained mutation: You have claws for feet. [demonic ancestry]
 10314 | D:9      | Reached XP level 10. HP: 35/84 MP: 12/12
 10341 | D:9      | Killed Maurice
 10965 | D:9      | Found Wunuap's Quality Used Wands.
 11099 | D:9      | Reached skill level 5 in Dodging
 11106 | D:9      | Reached skill level 10 in Armour
 11668 | Lair:1   | Entered Level 1 of the Lair of Beasts
 12698 | Lair:1   | Reached skill level 11 in Armour
 13234 | Lair:1   | Reached XP level 11. HP: 92/92 MP: 13/13
 13912 | Lair:1   | Reached skill level 1 in Maces & Flails
 15363 | Lair:2   | Reached skill level 12 in Armour
 16536 | Lair:3   | Found a hole to the Spider Nest.
 16596 | Lair:3   | Noticed a six-headed hydra
 16606 | Lair:3   | HP: 4/95 [six-headed hydra (4)]
 16610 | Lair:3   | Killed a six-headed hydra
 16931 | Lair:3   | Found a dark tunnel.
 16942 | Volcano  | Entered a volcano
 16998 | Volcano  | Noticed a fire dragon
 17013 | Volcano  | Killed a fire dragon
 17019 | Volcano  | Gained mutation: You are slightly more attuned to the shadows. [demonic ancestry]
 17019 | Volcano  | Reached XP level 12. HP: 46/103 MP: 14/14
 17725 | Lair:3   | Noticed Harold
 17729 | Lair:3   | Noticed a seven-headed hydra
 18180 | Lair:3   | Reached skill level 13 in Armour
 18846 | Lair:3   | Killed Harold
 18896 | Lair:3   | Killed a seven-headed hydra
 21014 | Lair:4   | Noticed a four-headed hydra
 21022 | Lair:4   | Killed a four-headed hydra
 21912 | Lair:4   | Reached XP level 13. HP: 86/111 MP: 16/16
 22113 | Lair:5   | Reached skill level 14 in Armour
 22572 | Lair:4   | Reached skill level 5 in Maces & Flails
 24178 | Lair:5   | HP: 8/169 [poisoned by a spiny frog]
 24697 | Lair:4   | Reached skill level 10 in Fighting
 25961 | Lair:6   | Reached skill level 5 in Invocations
 26465 | Lair:6   | Found a viscous altar of Jiyva.
 26465 | Lair:6   | Found a staircase to the Slime Pits.
 27210 | Lair:6   | Reached skill level 15 in Armour
 27953 | Lair:6   | Found a staircase to the Shoals.
 28930 | Lair:7   | HP: 1/114 [fire crab (7)]
 28930 | Lair:7   | Slain by a crocodile

Action                   |  1- 3 |  4- 6 |  7- 9 | 10-12 | 13-15 || total
-------------------------+-------+-------+-------+-------+-------++-------
Melee: Hand axe          |   124 |   105 |   406 |   313 |   169 ||  1117
       Broad axe         |       |     7 |    47 |    15 |       ||    69
       Mace              |       |       |       |   438 |   383 ||   821
Throw: Javelin           |       |       |    22 |    34 |     3 ||    59
Invok: Depart the Abyss  |     1 |       |       |       |       ||     1
       Banish            |       |       |       |     4 |     8 ||    12
       Bend Space        |       |       |       |     1 |       ||     1
 Abil: Evoke Berserk Rag |       |       |       |       |     3 ||     3
  Use: Scroll            |     1 |     9 |     7 |    12 |     4 ||    33
       Potion            |       |       |     5 |     4 |     2 ||    11
  Eat: Chunk             |     3 |     4 |    22 |    25 |    15 ||    69
       Pizza             |       |       |     1 |     2 |     2 ||     5
       Bread ration      |       |       |     1 |     1 |     1 ||     3
       Fruit             |       |       |       |     8 |       ||     8
       Meat ration       |       |       |       |     1 |     1 ||     2
       Royal jelly       |       |       |       |     2 |       ||     2
       Beef jerky        |       |       |       |       |     1 ||     1
